 Dungeon Crawl Stone Soup version 0.19-a0-1268-g6c5d9f8 (webtiles) character file.

132 Amnesiac the Chucker (level 5, 0/50 HPs)
             Began as an Ogre Arcane Marksman on Aug 29, 2016.
             Succumbed to an orc priest's poison
             ... on level 3 of the Dungeon.
             The game lasted 00:03:44 (1231 turns).

Amnesiac the Chucker (Ogre Arcane Marksman)         Turns: 1231, Time: 00:03:44

Health: 0/50       AC:  3    Str: 16    XL:     5   Next: 15%
Magic:  4/6        EV: 10    Int: 12    God:
Gold:   40         SH:  0    Dex: 10    Spells: 2 memorised, 1 level left

rFire  . . .     SeeInvis .     e - -1 morningstar (curse)
rCold  . . .     Gourm    .     a - +0 robe
rNeg   . . .     Faith    .     (no shield)
rPois  .         Spirit   +     (helmet restricted)
rElec  .         Dismiss  .     (no cloak)
rCorr  .         Reflect  .     (gloves unavailable)
MR     .....     Harm     .     (boots unavailable)
Stlth  +.........               g - amulet of guardian spirit
                                (no ring)
                                (no ring)

@: lethally poisoned (0 -> -2), flying
A: unfitting armour, tough skin 1
a: no special abilities


You were on level 3 of the Dungeon.
You were not hungry.

You visited 1 branch of the dungeon, and saw 4 of its levels.

You collected 40 gold pieces.

Inventory:

Hand Weapons
 e - a cursed -1 morningstar (weapon)
Missiles
 d - a throwing net (quivered)
Armour
 a - a +0 robe (worn)
Jewellery
 g - an amulet of guardian spirit (around neck)
 h - a cursed ring of loudness {unknown}
Books
 b - a book of Debilitation

   Spells                             Type                      Level
   a - Corona                         Hexes                        1
   b - Slow                           Hexes                        2
   c - Gell's Gravitas                Hexes/Translocation          3
   d - Inner Flame                    Hexes/Fire                   3
   e - Cause Fear                     Hexes                        4
   f - Leda's Liquefaction            Hexes/Earth                  4
Comestibles
 f - 3 bread rations
 i - 4 chunks of flesh


   Skills:
 - Level 2.3 Fighting
 - Level 2.1 Maces & Flails
 + Level 4.5 Throwing
 - Level 1.7 Dodging
 - Level 1.2 Spellcasting
 - Level 2.1 Hexes


You had one spell level left.
You knew the following spells:

 Your Spells              Type           Power        Failure   Level  Hunger
a - Cause Fear            Hex            #.........   97%         4    #####..
f - Corona                Hex            #......      14%         1    ##.....


Dungeon Overview and Level Annotations

Branches:
Dungeon (4/15)
 Temple: D:4-7

Altars:


Innate Abilities, Weirdness & Mutations

You are too large for most types of armour.
You have tough skin. (AC +1)


Message History

You feel sick.
The giant cockroach bites you but does no damage.
Unknown command.
Throwing (i - inventory. (,) - cycle):
c - a large rock (quivered)
Press: ? - help, Shift-Dir - straight line, f/p - orc
Aim: an orc, wielding a club and wearing a ring mail You throw a large rock.
The large rock hits the giant cockroach!!
You kill the giant cockroach!
The orc closely misses you.
Unknown command.
Throwing (i - inventory):
d - 2 throwing nets (quivered)
Press: ? - help, Shift-Dir - straight line, f/p - orc
Aim: an orc, wielding a club and wearing a ring mail You throw a throwing net.
The throwing net hits the orc.
The orc is caught in the net!
The orc struggles against the net.
* * * LOW HITPOINT WARNING * * *
You feel sick.
The orc struggles against the net.
The orc struggles against the net.
You die...

## ###### ...
...... ...
..... #.#
##############.
# #)#
#..............
#.#.#
#.###..#.)####.
#.#.#####.#
#..#..# #.
#.....@...#
#.##### ##
###.####### ###
# #.# ##o##
#...#
#...#.#o.###
#...#.#.....
#...#.#o...
#...#....#


There were no monsters in sight!

Vanquished Creatures
  2 orc priests (D:3)
  An orc wizard (D:3)
  An adder (D:2)
  2 worms (D:3)
  6 orcs (D:3)
  4 bats
  2 giant cockroaches (D:3)
  2 hobgoblins
  2 quokkas (D:3)
  A goblin (D:1)
  3 kobolds
  2 rats
28 creatures vanquished.

Notes
Turn   | Place    | Note
-------+----------+-------------------------------------------
     0 | D:1      | Amnesiac the Ogre Arcane Marksman began the quest for the Orb.
     0 | D:1      | Reached XP level 1. HP: 19/19 MP: 2/2
   345 | D:2      | Reached XP level 2. HP: 14/27 MP: 0/3
   514 | D:3      | Reached XP level 3. HP: 11/36 MP: 1/4
   745 | D:3      | Reached skill level 3 in Throwing
   764 | D:3      | Reached XP level 4. HP: 38/44 MP: 3/5
  1032 | D:3      | Reached skill level 4 in Throwing
  1175 | D:3      | Learned a level 4 spell: Cause Fear
  1215 | D:3      | Reached XP level 5. HP: 11/50 MP: 3/6
  1221 | D:3      | HP: 2/50 [poisoned by an orc priest]
  1228 | D:3      | HP: 1/50 [poisoned by an orc priest]
  1231 | D:3      | Succumbed to an orc priest's poison

Vault maps used:
D:1:      minmay_arrival_diagonal_passages
D:2:      wad_crossroads, okawaru_metal_pillars_1_2, uniq_iyjb, uniq_natasha
D:3:      lightli_temple_of_fire, grunt_dithmenos_smoke_and_mirrors,
          old_standard_altar

Skill      XL: |  1  2  3  4 |
---------------+-------------+-----
Maces & Flails | 2 |  2.1
Fighting       | 2 |  2.3
Throwing       | 3 4 |  4.5
Dodging        | |  1.7
Spellcasting   | |  1.2
Hexes          | |  2.1

Action                   |  1- 3 |  4- 6 || total
-------------------------+-------+-------++-------
Melee: Unarmed           |    23 |       ||    23
       Club              |    27 |       ||    27
       Morningstar       |     4 |    43 ||    47
Throw: Large rock        |     6 |     6 ||    12
       Throwing net      |       |     1 ||     1
 Cast: Corona            |     6 |       ||     6
  Use: Potion            |     1 |     1 ||     2
       Scroll            |     1 |       ||     1
  Eat: Chunk             |       |     1 ||     1
Armor: Robe              |     8 |    21 ||    29
Dodge: Dodged            |    35 |    37 ||    72
